 Dungeon Crawl Stone Soup version 0.30.1-9-gdf580d7c3d (webtiles) character file.

Game seed: 11740464852673674333

2774 lonewolfV2 the Cleaver (level 9, -9/47 HPs)
             Began as a Vine Stalker Fighter on Sept 27, 2023.
             Was a Follower of Makhleb.
             Killed from afar by a gargoyle (12 damage)
             ... with a stone arrow
             ... on level 7 of the Dungeon.
             The game lasted 00:06:30 (4016 turns).

lonewolfV2 the Cleaver (Vine Stalker Fighter)       Turns: 4016, Time: 00:06:30

Health: -9/47      AC: 10    Str: 26    XL:     9   Next: 70%
Magic:  0/10       EV: 11    Int:  5    God:    Makhleb [*.....]
Gold:   283        SH:  5    Dex: 15    Spells: 8/8 levels left

rFire   . . .        a - +1 war axe (drain)
rCold   . . .        c - +0 buckler
rNeg    . . .        r - +4 ring mail of Valiance {Fly Str+4 Int-3}
rPois   .            (no helmet)
rElec   .            (no cloak)
rCorr   .            (no gloves)
SInv    .            (no boots)
Will    +....        i - amulet of magic regeneration
Stlth   +            (no ring)
HPRegen 1.07/turn    (no ring)
MPRegen 0.52/turn

%: guardian spirit
@: flying
A: fangs 3, regeneration 1, magic shield, antimagic bite, no potion heal 2
a: Renounce Religion


You were on level 7 of the Dungeon.
You worshipped Makhleb.
Makhleb was aware of your devotion.
You visited 1 branch of the dungeon, and saw 7 of its levels.
You also visited: Sewer.

You collected 283 gold pieces.

Inventory:

Hand Weapons
 a - a +1 war axe of draining (weapon)
Armour
 b - a +0 scale mail
 c - a +0 buckler (worn)
 r - the +4 ring mail of Valiance (worn) {Fly Str+4 Int-3}
   (You found it on level 4 of the Dungeon)

   Str:       It affects your strength (+4).
   Int:       It affects your intelligence (-3).
   Fly:       It grants you flight.
Jewellery
 i - an amulet of magic regeneration (around neck)
 m - a ring of protection from fire
 t - a +6 ring of intelligence
 v - a ring of ice
Wands
 e - a wand of flame (18)
 j - a wand of roots (20)
 p - a wand of light (12)
 s - a wand of charming (13)
Scrolls
 f - a scroll of identify
 g - 3 scrolls of teleportation
 o - a scroll of enchant weapon
Potions
 d - 5 potions of curing
 h - a potion of degeneration
 k - a potion of cancellation
 l - 4 potions of brilliance
 n - a potion of mutation
 q - 3 potions of flight


   Skills:
 + Level 5.4 Fighting
 + Level 8.3 Axes
 + Level 5.4 Armour
 + Level 2.6 Dodging
 + Level 1.4 Stealth
 + Level 4.4 Shields


You had 8 spell levels left.
You didn't know any spells.
Your spell library contained the following spells:

 Spells                   Type           Power      Damage    Failure   Level
 Magic Dart               Conj           0%         1d3       67%         1
 Call Imp                 Summ           0%         N/A       80%         2
 Dazzling Flash           Conj/Hex       0%         N/A       95%         3
 Mephitic Cloud           Conj/Pois/Air  0%         N/A       95%         3
 Volatile Blastmotes      Fire/Tloc      0%         2d10      95%         3
 Iskenderun's Mystic Bla  Conj/Tloc      0%         2d3       100%        4
 Starburst                Conj/Fire      0%         6d3       100%        6


Dungeon Overview and Level Annotations

Branches:
Dungeon (7/15)             Temple (0/1) D:5           Sewer (visited)

Altars:
Ashenzari
Cheibriados
Dithmenos
Hepliaklqana
Makhleb
Qazlal
Trog
Uskayaw


Innate Abilities, Weirdness & Mutations

You have razor-sharp teeth.
Your natural rate of healing is unusually fast.
When hurt, damage is shared between your health and your magic reserves.
Your bite disrupts and absorbs the magic of your enemies.
Potions cannot restore your health.


Message History

The arrow hits you. You block the gargoyle's attack.
The centaur shoots an arrow.
The arrow hits your ice beast.
Your ice beast hits the gargoyle but does no damage.
You hit the gargoyle but do no damage.
You bite the gargoyle, but do no damage.
The gargoyle hits you with a +0 mace!
Your ice beast hits the gargoyle.
Your ice beast freezes the gargoyle.
You hit the gargoyle.
The gargoyle is moderately damaged.
The gargoyle closely misses you.
Your ice beast completely misses the gargoyle.
You hit the gargoyle but do no damage.
You bite the gargoyle, but do no damage.
The gargoyle is moderately damaged.
The centaur shoots an arrow.
The arrow hits your ice beast.
The gargoyle hurls a stone arrow at you.
The stone arrow hits you!
Your ice beast hits the gargoyle but does no damage.
The centaur shoots an arrow.
The arrow hits your ice beast!
You hit the gargoyle but do no damage.
The gargoyle is moderately damaged.
The centaur shoots an arrow.
The arrow hits your ice beast! The gargoyle hits you with a +0 mace!
* * * LOW HITPOINT WARNING * * *
Your ice beast hits the gargoyle but does no damage.
You slash the gargoyle!
The gargoyle is almost destroyed.
The centaur shoots an arrow.
The arrow hits your ice beast!
Your ice beast dies!
Your ice beast dissolves into shadows!
The gargoyle hits you with a +0 mace!!
* * * LOW HITPOINT WARNING * * *
The centaur shoots an arrow.
You block the arrow.
The centaur shoots an arrow.
You block the arrow. The gargoyle barely misses you.
The centaur shoots an arrow.
You block the arrow.
There is a stone staircase leading up here.
The gargoyle hurls a stone arrow at you.
The stone arrow hits you!
You die...

## # #. #.#.
#.#.# ### ....##
...#.
.#.#.#.#9##......
.........@..c..#
.###.#.#.##..#.[.
#...## ...# ##.#
#... #. #. #. #.
#.


You could see a gargoyle and a centaur.

Vanquished Creatures
  Pikel (D:6)
  Sigmund (D:2)
  A steam dragon (D:4)
  2 water moccasins (D:6)
  An orc warrior (D:6)
  2 black bears (D:6)
  An ogre (D:5)
  2 centaurs (D:6)
  2 phantoms
  A lemure (D:6)
  A kobold brigand (Sewer)
  2 bullfrogs
  4 scorpions
  A gnoll sergeant (D:5)
  A howler monkey (D:6)
  3 hounds
  2 jellies
  Ijyb (D:3)
  Jessica (D:2)
  4 iguanas
  A sleepcap (D:5)
  2 orc wizards (D:6)
  Robin (D:2)
  12 adders
  A river rat (Sewer)
  A white imp (D:5)
  4 worms
  A dart slug (D:4)
  20 orcs
  5 ball pythons
  2 bats (D:3)
  7 endoplasms
  8 giant cockroaches
  12 goblins
  6 hobgoblins
  4 jackals (D:5)
  9 frilled lizards
  13 kobolds
  11 rats
154 creatures vanquished.

Vanquished Creatures (others)
  An orc wizard (D:6)
1 creature vanquished.

Grand Total: 155 creatures vanquished

Notes
Turn   | Place    | Note
-------+----------+-------------------------------------------
     0 | D:1      | lonewolfV2 the Vine Stalker Fighter began the quest for the
                  | Orb.
     0 | D:1      | Reached XP level 1. HP: 11/11 MP: 2/2
   256 | D:1      | Reached XP level 2. HP: 16/16 MP: 3/3
   428 | D:1      | Found a faded altar of an unknown god.
   706 | D:2      | Reached skill level 2 in Axes
   750 | D:2      | Reached XP level 3. HP: 14/20 MP: 4/4
  1054 | D:2      | Noticed Jessica
  1059 | D:2      | Killed Jessica
  1060 | D:2      | Gained mutation: Your natural rate of healing is unusually
                  | fast. [Vine Stalker growth]
  1060 | D:2      | Reached XP level 4. HP: 13/24 MP: 3/5
  1147 | D:2      | Noticed Sigmund
  1158 | D:2      | Killed Sigmund
  1159 | D:2      | Reached skill level 3 in Axes
  1159 | D:2      | Reached XP level 5. HP: 8/28 MP: 6/6
  1159 | D:2      | Reached XP level 6. HP: 9/32 MP: 7/7
  1205 | D:2      | Noticed Robin
  1210 | D:2      | Reached skill level 4 in Axes
  1214 | D:2      | Killed Robin
  1437 | D:3      | Noticed Ijyb
  1454 | D:3      | Killed Ijyb
  1565 | D:3      | Identified the +2 robe of Ru's Displeasure {Contam Str+3
                  | Int+4}
  1791 | D:3      | Found a broken altar of Ashenzari.
  1791 | D:3      | Found a snail-covered altar of Cheibriados.
  2071 | D:4      | Found a glowing drain.
  2074 | D:4      | Noticed a steam dragon
  2079 | D:4      | Reached XP level 7. HP: 37/37 MP: 8/8
  2083 | D:4      | Killed a steam dragon
  2084 | D:4      | Reached skill level 5 in Axes
  2132 | Sewer    | Entered a sewer
  2233 | Sewer    | Found a glowing silver altar of Zin.
  2304 | D:4      | Reached skill level 1 in Dodging
  2339 | D:4      | Found a bloodstained altar of Trog.
  2556 | D:4      | Identified the +4 ring mail of Valiance {Fly Str+4 Int-3}
  2624 | D:5      | Entered Level 5 of the Dungeon
  2639 | D:5      | Gained mutation: You have razor-sharp teeth. [Vine Stalker
                  | growth]
  2639 | D:5      | Reached XP level 8. HP: 18/42 MP: 4/9
  2774 | D:5      | Found a staircase to the Ecumenical Temple.
  2834 | D:5      | Found a stormy altar of Qazlal.
  2834 | D:5      | Found a hide-covered altar of Uskayaw.
  2837 | D:5      | Found a shadowy altar of Dithmenos.
  2840 | D:5      | Found a burning altar of Makhleb.
  2841 | D:5      | Found a hazy altar of Hepliaklqana.
  2851 | D:5      | Became a worshipper of Makhleb the Destroyer
  2975 | D:5      | Reached skill level 6 in Axes
  3048 | D:5      | Reached skill level 1 in Stealth
  3391 | D:6      | Reached skill level 7 in Axes
  3394 | D:6      | HP: 1/42 [orc warrior/+0 battleaxe (4)]
  3483 | D:6      | Reached XP level 9. HP: 26/46 MP: 6/10
  3560 | D:6      | Noticed Pikel
  3578 | D:6      | Killed Pikel
  3579 | D:6      | Reached skill level 5 in Fighting
  3579 | D:6      | Reached skill level 8 in Axes
  3579 | D:6      | Reached skill level 5 in Armour
  3583 | D:6      | Reached * piety under Makhleb
  4001 | D:7      | Noticed a gargoyle
  4014 | D:7      | HP: 1/47 [gargoyle/+0 mace (13)]
  4016 | D:7      | Killed from afar by a gargoyle

Illustrated notes

Levels and vault maps discovered:
D:1:      dpeg_arrival_renting, layout_loops_ring,
          shapermc_ecumenical_altar_acropolis
D:2:      layout_basic, serial_curves, eino_curves_03, eino_curves_01,
          uniq_sigmund, uniq_jessica, uniq_robin
D:3:      minmay_skewed_foursquare, layout_basic,
          gammafunk_temple_overflow_wave, uniq_ijyb
D:4:      layout_rooms, trog_butcher_becter, gup_sewer_entry_glass
D:5:      minmay_octagon_keep, layout_rooms, grunt_temple_overflow_open,
          minmay_temple_entry_sparse_star
D:6:      layout_basic, lightli_orcish_oven, uniq_pikel
D:7:      layout_loops_ring, nicolae_overflow_hidden_temple, hex_large,
          uniq_prince_ribbit1, uniq_duvessa, uniq_maggie

Skill      XL: |  1  2  3  4  5  6  7  8  9 |
---------------+----------------------------+-----
Fighting       | 3 4 5 |  5.4
Axes           | 2 3 4 5 7 8 |  8.3
Shields        | 3 4 |  4.4
Armour         | 3 4 5 |  5.4
Dodging        | 1 2 |  2.6
Stealth        | 1 |  1.4

Action                     |  1- 3 |  4- 6 |  7- 9 || total
---------------------------+-------+-------+-------++-------
  Melee: War axe           |    67 |    91 |   213 ||   371
         Bite              |    13 |    22 |    52 ||    87
    Use: Scroll            |     6 |     4 |     7 ||    17
         Potion            |       |     2 |     2 ||     4
 Armour: Scale mail        |    23 |    59 |    40 ||   122
         Ring mail         |       |       |    71 ||    71
  Dodge: Dodged            |    14 |    41 |   116 ||   171
  Block: Buckler           |    13 |    30 |    65 ||   108
